cohdb
Replays
Latest Replays
All Replays
Popular Replays
Top Player Replays
Match Explorer
How It Works
Community
CoH3 Stats
Reddit
Sign in to upload your games and track your stats! →
Sign in with Steam
Match 42995734
Unlisted
Match 42995734
Overview
Messages
Build Orders
End
Kradschützen Motorcycle Team
Panzergrenadier Squad
250 Light Carrier
Panzergrenadier Squad
Construct Light Support Kompanie
Combat Half-tracks
Fire Support Elements
Panzerjäger Squad
Vehicle Survival Package
Construct Mechanized Kompanie
8 Rad Armored Car
2.5-tonne Medical Truck
8 Rad Armored Car
Selects Armored Support Battlegroup
Selects Veteran Gunners
Selects Vehicle Awareness
Emergency Repair Kits
Construct Panzerarmee Kommand
Selects Panzer Storm
Walking Stuka Rocket Launcher
Panzer Storm
Marder III Tank Destroyer
Veteran Squad Leaders
Panzer Storm
Marder III Tank Destroyer
Armored Reserves
Selects Stuka Anti-tank Loiter
Stuka Anti-tank Loiter
HeyGuys! I_Guess_That's_it
MAOMAO-Y8Z
nop.8
qunnaczan
Dahlian
Random_Target
Turtleboy
Humbarwhy
0
0
Comments
sign in to comment!
No comments posted yet!